Map: Mist Opportunities

Players

MattBarry

  • Race: Protoss Protoss
  • Spawn Location: 5:00

MattBarry

  • Race: Zerg Zerg

VOD

Have the link to the VOD?

Description

Time

  • Played on: Dec. 25, 2022, 9:35 p.m.
  • Length: 30:03
Show
View Real Time Build Order
Export as new Build Order

MattBarry Protoss 

Build Orders:  

Get SALT Encoding   

  12  0:02  Probe (Chrono Boost)  
  13  0:16  Probe (Chrono Boost)  
  14  0:26  Pylon  
  14  0:30  Probe (Chrono Boost)  
  15  0:50  Probe (Chrono Boost)  
  15  0:54  Gateway  
  16  1:04  Probe (Chrono Boost)  
  16  1:09  Assimilator  
  17  1:18  Probe (Chrono Boost)  
  18  1:32  Probe (Chrono Boost)  
  19  1:42  Dark Pylon  
  19  1:46  Probe (Chrono Boost)  
  20  1:59  Cybernetics Core  
  20  2:00  Zealot  
  20  2:01  Probe (Chrono Boost)  
  23  2:15  Probe (Chrono Boost)  
  23  2:19  Assimilator  
  24  2:26  Pylon  
  24  2:29  Probe (Chrono Boost)  
  24  2:38  Zealot  
  27  2:53  Warp Gate  
  27  2:55  Probe (Chrono Boost)  
  28  3:03  Gateway  
  28  3:07  Gateway  
  28  3:12  Probe (Chrono Boost)  
  32  3:32  Probe (Chrono Boost)  
  32  3:49  Probe (Chrono Boost)  
  33  3:57  Forge  
  33  4:06  Probe (Chrono Boost)  
  34  4:16  Stalker  
  34  4:17  Protoss Ground Weapons Level 1  
  36  4:23  Stalker  
  38  4:30  Dark Pylon  
  38  4:34  Stalker  
  40  4:50  Pylon  
  40  4:54  Probe (Chrono Boost)  
  41  5:08  Stalker  
  41  5:09  Stalker  
  45  5:21  Stalker  
  47  5:32  Probe (Chrono Boost)  
  47  5:37  Dark Pylon  
  48  5:57  Nexus  
  48  6:04  Probe (Chrono Boost)  
  49  6:12  Forge  
  49  6:25  Twilight Council  
  49  6:34  Pylon  
  49  7:00  Protoss Ground Weapons Level 2  
  49  7:03  Protoss Ground Armor Level 1  
  49  7:17  Dark Pylon  
  49  7:27  Photon Cannon  
  49  7:29  Blink  
  49  7:30  Photon Cannon  
  49  7:43  Stalker  
  49  7:48  Stalker  
  54  8:12  Probe x2 (Chrono Boost)  
  54  8:15  Stalker  
  57  8:29  Probe x2 (Chrono Boost)  
  59  8:37  Zealot x2  
  63  8:52  Probe (Chrono Boost)  
  63  8:53  Probe (Chrono Boost)  
  63  8:59  Pylon  
  65  9:01  Charge  
  65  9:09  Probe x2 (Chrono Boost)  
  67  9:10  Dark Shrine  
  67  9:12  Stalker  
  69  9:20  Protoss Ground Armor Level 2  
  69  9:38  Stalker x2  
  75  10:00  Probe x2 (Chrono Boost)  
  75  10:17  Probe x2 (Chrono Boost)  
  77  10:24  Stalker x3  
  77  10:27  Dark Pylon  
  83  10:44  Assimilator  
  83  10:47  Probe (Chrono Boost)  
  83  10:48  Probe (Chrono Boost)  
  83  10:51  Assimilator  
  83  10:52  Pylon  
  81  11:02  Protoss Ground Weapons Level 3  
  81  11:04  Probe x2 (Chrono Boost)  
  83  11:12  Photon Cannon  
  83  11:23  Probe x2 (Chrono Boost)  
  85  11:33  Stalker x3  
  93  11:40  Probe x2 (Chrono Boost)  
  93  11:53  Shadow Fury  
  89  12:28  Stalker x3  
  95  13:01  Stalker x3  
  101  13:15  Probe (Chrono Boost)  
  101  13:19  Pylon  
  100  13:21  Pylon  
  100  13:24  Pylon  
  90  13:38  Protoss Ground Armor Level 3  
  80  14:03  Stalker x2  
  80  14:04  Stalker  
  78  14:17  Gateway  
  78  14:20  Gateway  
  78  14:22  Gateway  
  78  14:24  Gateway  
  78  14:25  Dark Pylon  
  78  14:36  Zealot x3  
  84  14:46  Protoss Shields Level 1  
  84  15:08  Stalker x2  
  84  15:09  Stalker  
  90  15:34  Stalker  
  90  15:36  Stalker  
  90  15:38  Stalker  
  96  15:41  Stalker  
  96  15:42  Stalker x3  
  104  16:33  Stalker x2  
  104  16:34  Stalker x5  
  118  16:44  Probe (Chrono Boost)  
  118  16:47  Pylon  
  118  16:48  Pylon  
  119  16:50  Pylon  
  119  17:18  Dark Pylon  
  119  17:22  Stalker x5  
  119  17:23  Stalker x2  
  129  18:05  Stalker x2  
  129  18:06  Stalker x5  
  143  18:35  Stargate  
  143  18:37  Stargate  
  137  18:44  Stalker x3  
  137  18:45  Stalker x4  
  151  18:52  Dark Pylon  
  151  19:39  Stalker x4  
  149  19:40  Stalker x3  
  135  20:28  Stalker x2  
  135  20:29  Stalker x5  
  131  21:13  Stalker x2  
  131  21:14  Zealot, Stalker x2  
  131  21:15  Zealot x2  
  131  21:19  Zealot x3  
  123  21:20  Stalker  
  123  21:21  Stalker x3  
  131  21:50  Dark Pylon  
  131  22:09  Stalker x4  
  139  22:10  Stalker x3  
  123  22:40  Void Ray x2  
  123  22:46  Protoss Shields Level 2  
  127  22:50  Zealot x2  
  127  22:51  Zealot x5  
  127  22:56  Protoss Air Weapons Level 1, Dark Pylon  
  141  23:40  Void Ray x2  
  149  24:01  Dark Pylon  
  149  24:05  Zealot  
  149  24:06  Zealot x6  
  163  24:40  Void Ray x2  
  143  25:14  Zealot x2  
  143  25:16  Zealot x4  
  143  25:17  Zealot  
  139  25:45  Dark Pylon  
  139  25:50  Dark Templar  
  139  25:51  Dark Templar x5  
  139  25:52  Dark Templar  
  153  26:43  Stalker x4  
  153  26:44  Stalker x3  
  167  27:05  Void Ray x2  
  175  27:30  Stalker x3  
  175  27:31  Stalker  
  175  27:33  Zealot x3  
  189  28:05  Void Ray x2  
  197  28:26  Dark Pylon  
  197  29:48  Dark Pylon  
  197  29:54  Stalker  
Show
View Real Time Build Order
Export as new Build Order

MattBarry Zerg 

Build Orders:  

Get SALT Encoding   

  18  0:05  Primal Drone  
  19  0:19  Extractor  
  19  0:24  Primal Drone  
  20  0:32  Primal Drone  
  20  0:35  Primal Drone  
  22  0:40  Primal Drone  
  23  1:08  Primal Warden  
  24  1:56  Primal Drone  
  24  1:59  Primal Drone x3  
  28  2:00  Primal Drone  
  29  2:17  Primal Zergling  
  30  2:25  Primal Attacks Level 1  
  30  2:59  Glevig's Den  
  29  3:14  Primal Hive  
  34  3:25  Primal Drone  
  34  3:26  Primal Drone  
  36  3:36  Primal Zergling  
  36  3:37  Primal Zergling x4  
  40  4:56  Muscular Augments  
  40  5:01  Primal Drone x2  
  40  5:02  Primal Drone  
  40  5:06  Primal Drone x2  
  45  5:18  Primal Drone x3  
  45  5:19  Primal Drone  
  49  5:44  Extractor  
  49  6:08  Primal Hive  
  49  6:35  Primal Hydralisk  
  49  6:36  Primal Hydralisk x4  
  59  7:06  Primal Wurm  
  60  7:13  Primal Drone  
  60  7:14  Primal Drone  
  60  7:18  Primal Drone x2  
  60  7:19  Primal Drone  
  65  7:29  Primal Hive  
  70  7:36  Extractor  
  70  7:39  Extractor  
  70  7:42  Primal Drone x4  
  70  7:43  Primal Drone x2  
  75  9:19  Primal Drone x2  
  77  9:20  Primal Drone x3  
  79  10:34  Primal Attacks Level 2  
  79  10:35  Primal Carapace Level 1  
  68  11:26  Primal Drone x2  
  68  11:27  Primal Drone x3  
  68  11:28  Primal Drone  
  74  11:42  Primal Hydralisk x5  
  84  12:23  Murvar's Den  
  84  12:29  Glial Reconstitution  
  83  12:32  Primal Hydralisk  
  83  12:33  Primal Hydralisk x2  
  89  13:42  Primal Hydralisk x3  
  89  13:43  Primal Hydralisk  
  97  14:40  Primal Zergling x2  
  97  14:41  Primal Zergling x2  
  101  15:16  Primal Attacks Level 3  
  101  15:19  Primal Carapace Level 2  
  101  15:31  Dakrun's Den  
  101  15:39  Primal Warden  
  101  15:48  Primal Warden x2  
  104  15:52  Primal Warden  
  93  19:31  Primal Ultralisk x5  
  93  19:32  Primal Ultralisk x4  
  93  19:33  Primal Ultralisk x3  
  93  19:34  Primal Ultralisk x2  
  166  20:57  Healing Adaptation  
  134  22:34  Primal Ultralisk x6  
  164  23:27  Primal Carapace Level 3  
  164  23:38  Primal Roach x5  
  164  23:39  Primal Roach x9  
  192  24:06  Primal Ultralisk  
  198  24:20  Brutal Charge  
Tags
 
Add a new tag
Caveats
  • Supply blocks, unpowered buildings, or Contaminate may cause inaccurate times.
  • Supply counts are checked every 10 seconds.